 Dungeon Sprint DCSS version 0.19.5 (webtiles) character file.

4861 Lexie the Shatterer (level 10, -1/110 HPs)
             Began as an Ogre Hunter on June 1, 2017.
             Was an Elder of Okawaru.
             Slain by a dire elephant (31 damage)
             ... in the Dungeon (Sprint IX: "|||||||||||||||||||||||||||||").
             The game lasted 00:04:32 (1421 turns).

Lexie the Shatterer (Ogre Hunter)                   Turns: 1421, Time: 00:04:33

Health: -1/110     AC: 10    Str: 22    XL:     10   Next: 50%
Magic:  15/17      EV: 15    Int: 13    God:    Okawaru [****..]
Gold:   12         SH:  0    Dex: 10    Spells: 0 memorised, 9 levels left

rFire  . . .     SeeInvis .     p - +2 morningstar (protect)
rCold  . . .     Gourm    .     b - +0 robe
rNeg   . . .     Faith    .     (no shield)
rPois  .         Spirit   .     (helmet restricted)
rElec  .         Reflect  .     (no cloak)
rCorr  .         Harm     .     (gloves unavailable)
MR     +....     NoTele   +     (boots unavailable)
Stlth  +++.......               (no amulet)
                                q - +2 ring of evasion
                                r - +3 ring of intelligence

@: heroism, protection aura
A: unfitting armour, tough skin 1
a: Heroism, Renounce Religion


You were in the Dungeon.
You worshipped Okawaru.
Okawaru was greatly pleased with you.
You were not hungry.

You visited 1 branch You collected 12 gold pieces.

Inventory:

Hand Weapons
 a - a +0 short sword
 p - a +2 morningstar of protection (weapon)
Missiles
 c - 5 large rocks (quivered)
 d - 2 throwing nets
 w - 8 javelins of returning
Armour
 b - a +0 robe (worn)
Jewellery
 q - a +2 ring of evasion (right hand)
 r - a +3 ring of intelligence (left hand)
Wands
 o - a wand of lightning (7/15)
Scrolls
 k - 2 scrolls of blinking
 m - 4 scrolls of remove curse
 n - 2 scrolls of amnesia
 t - 4 scrolls of enchant armour
 u - a scroll of recharging
 v - a scroll of fog
Potions
 e - 3 potions of curing
 g - a potion of might
 h - a potion of berserk rage
 i - 4 potions of magic
 j - 3 potions of heal wounds
 l - a potion of brilliance
 s - a potion of ambrosia
Comestibles
 f - a bread ration


   Skills:
 + Level 10.2(15.2) Fighting
 + Level 23.8(27) Maces & Flails
 - Level 4.0(9.0) Throwing
 + Level 3.3(8.3) Dodging
 - Level 0.6(5.6) Stealth
 + Level 10.3 Invocations


You had 9 spell levels left.
You didn't know any spells.

Dungeon Overview and Level Annotations

Branches:
Dungeon (1/1)

Altars:
Cheibriados
Dithmenos
Elyvilon
Fedhas
Gozag
Hepliaklqana
Kikubaaqudgha
Makhleb
Nemelex Xobeh
Okawaru
Qazlal
Ru
Sif Muna
Trog
Uskayaw
Vehumet
Xom
Yredelemnul
Zin
The Shining One
Beogh
Jiyva
Lugonu


Innate Abilities, Weirdness & Mutations

You are too large for most types of armour.
You have tough skin. (AC +1)


Message History

You puncture the dire elephant!
The dire elephant is heavily wounded.
The dire elephant tramples you!!!
You stumble backwards!
You puncture the dire elephant!
The dire elephant is heavily wounded.
You sock the dire elephant!
The dire elephant is severely wounded.
The dire elephant barely misses you.
The dire elephant trunk-slaps you but does no damage.
You sock the dire elephant!
The dire elephant is severely wounded.
The dire elephant tramples you!!
* * * LOW HITPOINT WARNING * * *
You stumble backwards!
You hit the dire elephant but do no damage.
The dire elephant is severely wounded.
You bludgeon the dire elephant!!
The dire elephant is almost dead.
The dire elephant tramples you!!
You die...

▓▓▓▓▓▓▓▓▓▓▓▓▓▓▓▓▓▓▓▓▓▓▓▓▓▓▓▓▓▓▓▓▓
[(..[([)|..'.____________________
▓▓▓▓▓▓▓▓▓▓▓▓▓▓▓▓▓▓▓▓▓▓▓▓▓▓▓▓▓▓▓▓▓
.................................
▓▓▓▓▓▓▓▓▓▓▓▓▓▓▓▓▓▓▓▓▓▓▓▓▓▓▓▓▓▓▓▓▓
....Y.YY(YY@....'.........'.
▓▓▓▓▓▓▓▓▓▓▓▓▓▓▓▓▓▓▓▓▓▓▓▓▓▓▓▓


You could see a dire elephant and 4 elephants.

Vanquished Creatures
  An unseen horror (D)
  2 elephants (D)
  A guardian serpent (shapeshifter) (D)
  2 spiny frogs (D)
  2 komodo dragons (D)
  A meliai (D)
  A blink frog (D)
  2 hippogriffs (D)
  3 yaks (D)
  A soldier ant (D)
  2 water moccasins (D)
  2 porcupines (D)
  An ice beast (D)
  2 centaurs (D)
  A crocodile (D)
  3 bullfrogs (D)
  A crimson imp (D)
  An adder zombie (D)
  A dart slug (D)
  An orc (D)
  A bat (D)
  A bat skeleton (D)
  A bat zombie (D)
  A giant cockroach (D)
  A kobold (D)
  A quokka (D)
  A frilled lizard (D)
  A giant cockroach zombie (D)
  A rat (D)
40 creatures vanquished.

Vanquished Creatures (others)
  A troll (D)
  A shadow imp (D)
2 creatures vanquished.

Grand Total: 42 creatures vanquished

Notes
Turn   | Place    | Note
-------+----------+-------------------------------------------
     0 | D        | Lexie the Ogre Hunter began the quest for the Orb.
     0 | D        | Reached XP level 1. HP: 22/22 MP: 1/1
    15 | D        | Reached skill level 5 in Fighting
    21 | D        | Reached XP level 2. HP: 28/36 MP: 2/2
    91 | D        | Noticed a crimson imp
   113 | D        | Killed a crimson imp
   113 | D        | Reached XP level 3. HP: 45/52 MP: 3/3
   152 | D        | Found a roughly hewn altar of Beogh.
   152 | D        | Found a snail-covered altar of Cheibriados.
   152 | D        | Found a shadowy altar of Dithmenos.
   152 | D        | Found a white marble altar of Elyvilon.
   152 | D        | Found a blossoming altar of Fedhas.
   152 | D        | Found an opulent altar of Gozag.
   153 | D        | Found a hazy altar of Hepliaklqana.
   154 | D        | Found a viscous altar of Jiyva.
   155 | D        | Found an ancient bone altar of Kikubaaqudgha.
   156 | D        | Found a corrupted altar of Lugonu.
   157 | D        | Found a burning altar of Makhleb.
   158 | D        | Found a sparkling altar of Nemelex Xobeh.
   159 | D        | Found an iron altar of Okawaru.
   160 | D        | Found a stormy altar of Qazlal.
   161 | D        | Found a sacrificial altar of Ru.
   162 | D        | Found a deep blue altar of Sif Muna.
   163 | D        | Found a bloodstained altar of Trog.
   164 | D        | Found a hide-covered altar of Uskayaw.
   165 | D        | Found a radiant altar of Vehumet.
   166 | D        | Found a shimmering altar of Xom.
   167 | D        | Became a worshipper of Warmaster Okawaru
   168 | D        | Found a basalt altar of Yredelemnul.
   169 | D        | Found a glowing silver altar of Zin.
   170 | D        | Found a glowing golden altar of the Shining One.
   199 | D        | Noticed an ice beast
   199 | D        | Noticed a centaur
   199 | D        | Noticed a troll
   201 | D        | Reached skill level 1 in Maces & Flails
   204 | D        | Killed a troll
   204 | D        | Reached skill level 8 in Maces & Flails
   204 | D        | Reached XP level 4. HP: 59/59 MP: 4/4
   204 | D        | Reached XP level 5. HP: 67/67 MP: 5/5
   209 | D        | Killed a centaur
   209 | D        | Reached skill level 11 in Maces & Flails
   215 | D        | Killed an ice beast
   215 | D        | Reached skill level 13 in Maces & Flails
   215 | D        | Reached XP level 6. HP: 49/76 MP: 6/6
   354 | D        | Noticed a meliai
   354 | D        | Noticed a fire crab
   354 | D        | Noticed a soldier ant
   362 | D        | Noticed a guardian serpent
   362 | D        | a fire crab changed into a guardian serpent
   364 | D        | HP: 3/76 [meliai/divine providence (13)]
   368 | D        | Killed an unseen horror
   368 | D        | Reached * piety under Okawaru
   368 | D        | Reached skill level 18 in Maces & Flails
   368 | D        | Reached XP level 7. HP: 42/83 MP: 7/7
   379 | D        | Killed a soldier ant
   379 | D        | Reached XP level 8. HP: 29/92 MP: 5/8
   386 | D        | Reached ** piety under Okawaru
   389 | D        | Killed a guardian serpent
   389 | D        | Reached skill level 19 in Maces & Flails
   390 | D        | Killed a meliai
   390 | D        | Reached *** piety under Okawaru
   390 | D        | Reached skill level 20 in Maces & Flails
   735 | D        | Noticed a hippogriff
   735 | D        | Noticed a yak
   739 | D        | Noticed a hippogriff
   739 | D        | Killed a yak
   739 | D        | Reached skill level 21 in Maces & Flails
   739 | D        | Reached XP level 9. HP: 82/100 MP: 6/9
   749 | D        | Received a gift from Okawaru
   761 | D        | Reached skill level 22 in Maces & Flails
   771 | D        | Reached skill level 5 in Invocations
  1057 | D        | Noticed a spiny frog
  1057 | D        | Noticed a komodo dragon
  1057 | D        | Noticed a komodo dragon
  1061 | D        | Noticed a spiny frog
  1067 | D        | Killed a komodo dragon
  1077 | D        | Reached **** piety under Okawaru
  1079 | D        | Killed a komodo dragon
  1079 | D        | Reached skill level 23 in Maces & Flails
  1079 | D        | Reached XP level 10. HP: 59/107 MP: 13/16
  1095 | D        | Killed a spiny frog
  1101 | D        | Killed a spiny frog
  1394 | D        | Noticed an elephant
  1394 | D        | Noticed an elephant
  1394 | D        | Noticed an elephant
  1394 | D        | Noticed an elephant
  1394 | D        | Noticed an elephant
  1394 | D        | Noticed an elephant
  1397 | D        | Noticed a dire elephant
  1403 | D        | Killed an elephant
  1403 | D        | Received a gift from Okawaru
  1403 | D        | Reached skill level 10 in Invocations
  1410 | D        | Killed an elephant
  1410 | D        | Reached skill level 10 in Fighting
  1421 | D        | Slain by a dire elephant

Skill      XL: |  1  2  3  4  5  6  7  8  9 10 |
---------------+-------------------------------+-----
Fighting       | 5 9 10 | 10.2
Maces & Flails | 8 13 18 21 23 | 23.8
Invocations    | 8 10 | 10.3
Dodging        | 3 |  3.3
Throwing       | |  4.0
Stealth        | |  0.6

Action                   |  1- 3 |  4- 6 |  7- 9 | 10-12 || total
-------------------------+-------+-------+-------+-------++-------
Melee: Short sword       |    32 |       |       |       ||    32
       Morningstar       |     3 |    20 |    74 |    50 ||   147
Throw: Large rock        |     1 |       |       |       ||     1
Invok: Heroism           |       |       |     4 |     3 ||     7
  Use: Potion            |     2 |     4 |     1 |     2 ||     9
 Stab: Invisible         |       |     1 |       |       ||     1
  Eat: Chunk             |       |       |       |     2 ||     2
Armor: Robe              |     9 |     8 |     6 |     7 ||    30
Dodge: Dodged            |    23 |     7 |    28 |    29 ||    87
